 Dungeon Crawl Stone Soup version 0.27-a0-1230-gfc7c993 (webtiles) character file.

Game seed: 8775298930065328641

111 Illumine the Sneak (level 4, 0/24 HPs)
             Began as a Deep Elf Enchanter on June 7, 2021.
             Slain by Blork the orc
             ... wielding a +0 long sword
              (11 damage)
             ... on level 4 of the Dungeon.
             The game lasted 00:06:11 (3693 turns).

Illumine the Sneak (Deep Elf Enchanter)             Turns: 3693, Time: 00:06:12

Health: 0/24       AC:  2    Str:  6    XL:     4   Next: 62%
Magic:  4/11       EV: 12    Int: 26    God:
Gold:   140        SH:  0    Dex: 15    Spells: 3/9 levels left

rFire    . . .     SeeInvis .   u - +1 dagger (flame)
rCold    . . .     Faith    .   (no shield)
rNeg     . . .     Spirit   .   b - +0 robe
rPois    .         Reflect  .   (no helmet)
rElec    .         Harm     .   (no cloak)
rCorr    .         Rampage  .   (no gloves)
Will     .....                  (no boots)
Stlth    +++.......             (no amulet)
HPRegen  0.08/turn              (no ring)
MPRegen  0.12/turn              k - +6 ring of intelligence

@: no status effects
A: no striking features
a: no special abilities


You were on level 4 of the Dungeon.
You visited 1 branch of the dungeon, and saw 4 of its levels.

You collected 140 gold pieces.

Inventory:

Hand Weapons
 a - a +1 dagger
 h - a +4 antimagic dagger
 o - a +0 hunting sling
 t - a +0 dagger of venom
 u - a +1 dagger of flaming (weapon)
Missiles
 s - 19 poisoned darts
Armour
 b - a +0 robe (worn)
 r - a +2 leather armour of fire resistance
Jewellery
 i - a ring of ice
 k - a +6 ring of intelligence (right hand)
 m - a ring of poison resistance
Wands
 p - a wand of charming (6)
Scrolls
 d - 2 scrolls of fog {unknown}
 e - a scroll of blinking {unknown}
 f - a scroll of noise {unknown}
 g - a scroll of teleportation {unknown}
 j - a scroll of immolation {unknown}
Potions
 c - a potion of lignification {unknown}
 l - 2 potions of haste {unknown}
 n - a potion of might {unknown}
 q - 2 potions of heal wounds {unknown}


   Skills:
 + Level 0.2 Fighting
 * Level 2.8 Short Blades
 + Level 0.1 Armour
 + Level 2.6 Dodging
 + Level 5.0 Stealth
 + Level 3.4 Spellcasting
 + Level 4.4 Hexes


You had 3 spell levels left.
You knew the following spells:

 Your Spells              Type           Power      Damage    Failure   Level
a - Corona                Hex            30%        N/A       1%          1
b - Ensorcelled Hibernat  Hex/Ice        32%        N/A       5%          2
c - Confusing Touch       Hex            27%        N/A       4%          3

Your spell library contained the following spells:

 Spells                   Type           Power      Damage    Failure   Level
 Tukima's Dance           Hex            27%        N/A       4%          3
 Dazzling Flash           Conj/Hex       32%        N/A       11%         3


Dungeon Overview and Level Annotations

Branches:
Dungeon (4/15)
 Temple: D:4-7

Altars:
Nemelex Xobeh

Shops:
D:2 [

Annotations:
D:4 Blork the orc


Message History

Casting: Ensorcelled Hibernation (safe; 5% risk of failure)
Confirm with . or Enter, or press ? or * to list all spells.
Aiming: Ensorcelled Hibernation (safe; 5% risk of failure)
Press: ? - help, Shift-Dir - straight line, f - hobgoblin
Aim: a hobgoblin (chance to affect: 71%)
You feel a surge of power!
You miscast Ensorcelled Hibernation.
You are very lightly contaminated with residual magic.
Nothing appears to happen.
Blork the orc shouts!
The hobgoblin closely misses you.
Blork the orc gestures wildly while chanting.
Blork the orc seems to speed up.
Blork the orc screams, "I'll cover the dungeon with your blood!"
The hobgoblin barely misses you. Blork the orc casts a spell at you.
The puff of flame hits you! The fire burns you terribly!
Blork the orc gestures at you while chanting.
The puff of frost hits you. You resist.
Casting: Ensorcelled Hibernation (safe; 5% risk of failure)
Confirm with . or Enter, or press ? or * to list all spells.
Aiming: Ensorcelled Hibernation (safe; 5% risk of failure)
Press: ? - help, Shift-Dir - straight line, f/p - hobgoblin
Aim: a hobgoblin (chance to affect: 71%)
You feel a surge of power!
The hobgoblin looks drowsy...
The helpless hobgoblin fails to defend itself.
You impale the hobgoblin!! You burn the hobgoblin.
You kill the hobgoblin!
Your magical contamination has completely faded away.
You remove your ring of ice.
Casting: Ensorcelled Hibernation (safe; 5% risk of failure)
Confirm with . or Enter, or press ? or * to list all spells.
Okay, then.
Casting: Ensorcelled Hibernation (safe; 5% risk of failure)
Confirm with . or Enter, or press ? or * to list all spells.
Aiming: Ensorcelled Hibernation (safe; 5% risk of failure)
Press: ? - help, Shift-Dir - straight line, f - Blork the orc
Aim: Blork the orc, wielding a +0 long sword and wearing a +0 robe (fast, chance to affect: 47%) Blork the orc resists with some effort.
Blork the orc hits you with a +0 long sword!
You die...

.#..+.......+......#...##...#
##$.#.......##.....#...# ..#
#...........##.....#...##. .
#...............####.......
....†.####......####/......
##.....# #.................
##.....# #.................
$......# #.................
.......# #......@..........
.......# #+######o.........
......## .................
....... ....)............
........ .................
.###..o. ..o.............. .
#..... .................
.................
.................


You could see Blork the orc (fast).

Vanquished Creatures
  Ijyb (D:3)
  An adder skeleton (D:4)
  2 worms
  4 dart slugs
  2 orcs (D:3)
  8 ball pythons
  5 endoplasms
  3 giant cockroaches
  6 hobgoblins
  8 kobolds
  5 quokkas
  A bat (D:2)
  4 frilled lizards
  8 goblins
  5 rats
63 creatures vanquished.

Notes
Turn   | Place    | Note
-------+----------+-------------------------------------------
     0 | D:1      | Illumine the Deep Elf Enchanter began the quest for the
                  | Orb.
     0 | D:1      | Reached XP level 1. HP: 10/10 MP: 6/6
   356 | D:1      | Reached skill level 4 in Stealth
   544 | D:1      | Reached XP level 2. HP: 9/15 MP: 6/8
   658 | D:1      | Learned a level 2 spell: Ensorcelled Hibernation
  1136 | D:2      | Found Boom's Antique Armour Boutique.
  1298 | D:2      | Reached XP level 3. HP: 19/19 MP: 2/9
  1380 | D:2      | Learned a level 3 spell: Confusing Touch
  2648 | D:3      | Found a faded altar of an unknown god.
  2880 | D:3      | Reached XP level 4. HP: 24/24 MP: 10/10
  3117 | D:3      | Noticed Ijyb
  3132 | D:3      | Killed Ijyb
  3133 | D:3      | Reached skill level 5 in Stealth
  3632 | D:4      | Found a sparkling altar of Nemelex Xobeh.
  3654 | D:4      | Noticed Blork the orc
  3693 | D:4      | Slain by Blork the orc

Illustrated notes

Levels and vault maps discovered:
D:1:      lightli_arrival_statue_moat, layout_loops_ring
D:2:      layout_rooms, serial_shops, shop
D:3:      layout_basic, basic_ecumenical_altar, uniq_ijyb
D:4:      layout_basic, lemuel_doored_altar, xom_teletrap_fun,
          lemuel_crystal_altar, cheibrodos_sewer_entry_bend, uniq_blork_the_orc

Skill      XL: |  1  2  3  4 |
---------------+-------------+-----
Stealth        | 4 5 |  5.0
Short Blades   | 2 |  2.8
Fighting       | |  0.2
Armour         | |  0.1
Dodging        | |  2.6
Spellcasting   | |  3.4
Hexes          | |  4.4

Action                   |  1- 3 |  4- 6 || total
-------------------------+-------+-------++-------
Melee: Dagger            |    86 |    13 ||    99
 Cast: Corona            |     4 |       ||     4
       Ensorcelled Hiber |    41 |     6 ||    47
 Stab: Sleeping          |    39 |    13 ||    52
Armor: Robe              |     9 |       ||     9
Dodge: Dodged            |    44 |     2 ||    46

Table legend: (Time is in decaauts)
 A = Elapsed time spent in this place.
 B = Non-inter-level travel time spent in this place.
 C = Inter-level travel time spent in this place.
 D = Time resting spent in this place.
 E = Time spent auto-exploring this place.
 F = Levels seen in this place.
 G = Mean time per level.
                   A        B        C        D        E       F      G
               +--------+--------+--------+--------+--------+-----+--------+
         Total |   3683 |   3640 |     43 |   1267 |   1745 |   4 |  920.8 |
       Dungeon |   3683 |   3640 |     43 |   1267 |   1745 |   4 |  920.8 |
               +--------+--------+--------+--------+--------+-----+--------+

Top non-repeatable levels by time:
     D:1: 1640 daAuts
     D:3: 1299 daAuts
     D:2: 595 daAuts
     D:4: 147 daAuts
